 Dungeon Crawl Stone Soup version 0.21.1-1-g345015f (webtiles) character file.

21656 JeffiDaFish the Geomancer (level 12, -1/70 HPs)
             Began as a Gargoyle Earth Elementalist on Feb 14, 2018.
             Was an Elder of Vehumet.
             Slain by dakvas's ghost (16 damage)
             ... on level 2 of the Lair of Beasts.
             The game lasted 00:55:10 (13913 turns).

JeffiDaFish the Geomancer (GrEE)                   Turns: 13913, Time: 00:55:10

Health: -1/70      AC: 19    Str: 12    XL:     12   Next: 92%
Magic:  28/37      EV: 14    Int: 21    God:    Vehumet [****..]
Gold:   842        SH:  0    Dex: 10    Spells: 14/35 levels left

rFire    . . .     SeeInvis .   B - +7 dire flail
rCold    . . .     Gourm    .   (shield currently unavailable)
rNeg     + . .     Faith    .   c - +0 robe
rPois    ∞         Spirit   .   (no helmet)
rElec    +         Reflect  .   g - +2 cloak
rCorr    .         Harm     .   k - +2 pair of gloves
MR       .....                  l - +2 pair of boots {Fly}
Stlth    +++.......             (no amulet)
HPRegen  0.21/turn              y - ring of stealth
MPRegen  0.25/turn              C - ring of magical power

@: flying
A: negative energy resistance 1, electricity resistance, unbreathing,
petrification resistance, rot immunity, AC +8
a: Renounce Religion, Stop Flying


You were on level 2 of the Lair of Beasts.
You worshipped Vehumet.
Vehumet was greatly pleased with you.
You were not hungry.

You visited 3 branches of the dungeon, and saw 15 of its levels.
You also visited: Ossuary and Bailey.

You collected 842 gold pieces.

Inventory:

Hand Weapons
 B - a +7 dire flail (weapon)
Missiles
 b - 107 stones (quivered)
Armour
 c - a +0 robe (worn)
 g - a +2 cloak (worn)
 k - a +2 pair of gloves (worn)
 l - a +2 pair of boots of flying (worn)
Magical Staves
 F - an uncursed staff of air
Jewellery
 y - a ring of stealth (left hand)
 C - a ring of magical power (right hand)
Wands
 e - a wand of polymorph (10)
 q - a wand of clouds (4)
 A - a wand of iceblast (6)
 G - a wand of acid (5)
Scrolls
 a - 7 scrolls of remove curse
 h - 6 scrolls of teleportation
 i - 9 scrolls of identify
 m - 2 scrolls of blinking
 r - 2 scrolls of amnesia
 u - 4 scrolls of fog
 w - a scroll of magic mapping
 x - 2 scrolls of fear
Potions
 f - 4 potions of heal wounds
 n - a potion of brilliance
 o - 2 potions of cancellation
 p - 5 potions of curing
 s - 3 potions of haste
 t - a potion of magic
 v - a potion of ambrosia
 z - a potion of agility
Books
 D - a book of Clouds

   Spells                             Type                      Level
   a - Poisonous Vapours              Poison/Air                   2
   b - Mephitic Cloud                 Conjuration/Poison/Air       3
   c - Conjure Flame                  Conjuration/Fire             3
   d - Freezing Cloud                 Conjuration/Ice/Air          6
   e - Ring of Flames                 Charms/Fire                  7
Comestibles
 d - 24 rations
 j - 6 chunks of flesh


   Skills:
 - Level 6.3 Fighting
 + Level 5.5 Maces & Flails
 + Level 6.0 Dodging
 - Level 2.2 Stealth
 * Level 12.2 Spellcasting
 + Level 7.0 Conjurations
   Level 2.8 Hexes
   Level 0.7 Transmutations
 + Level 1.0 Air Magic
 + Level 12.3 Earth Magic


You had 14 spell levels left.
You knew the following spells:

 Your Spells              Type           Power        Failure   Level  Hunger
a - Sandblast             Erth           ######       1%          1    None
b - Stone Arrow           Conj/Erth      ######       1%          3    None
c - Lee's Rapid Deconstr  Erth           ######....   1%          5    ####...
d - Olgreb's Toxic Radia  Pois           ##......     13%         4    None
e - Mephitic Cloud        Conj/Pois/Air  ###.....     1%          3    None
f - Bolt of Magma         Conj/Fire/Erth #####.....   2%          5    ####...


Dungeon Overview and Level Annotations

Branches:
Dungeon (12/15)            Temple (1/1) D:7            Lair (2/6) D:11
    Orc (0/2) D:9
  Swamp: Lair:2-4    Shoals: Lair:2-4     Snake: Lair:2-4    Spider: Lair:2-4

Altars:
Cheibriados
Dithmenos
Fedhas
Gozag
Hepliaklqana
Kikubaaqudgha
Makhleb
Nemelex Xobeh
Okawaru
Qazlal
Ru
Trog
Uskayaw
Vehumet
Wu Jian
Xom
Yredelemnul
Zin
The Shining One

Shops:
D:5 [

Annotations:
D:12 dakvas's ghost, journeyman MiFi
Lair:2 dakvas's ghost, journeyman MiFi


Innate Abilities, Weirdness & Mutations

You are resistant to torment.
Your stone body is resilient. (AC +8)
You are immune to poison.
You resist negative energy. (rN+)
You are resistant to electric shocks. (rElec)
You can survive without breathing.
You are immune to petrification.
You are immune to rotting.


Message History

Confirm with . or Enter, or press ? or * to list all spells.
Aiming: Sandblast
Press: ? - help, Shift-Dir - straight line, f/p - dakvas's ghost
Aim: dakvas's ghost (lightly damaged)
The blast of sand hits dakvas's ghost.
Dakvas's ghost is lightly damaged.
b - 107 stones Dakvas's ghost hits you.
Casting: Sandblast
Confirm with . or Enter, or press ? or * to list all spells.
Aiming: Lee's Rapid Deconstruction
Press: ? - help, Dir - move target cursor, p - dakvas's ghost The wall shatters!
The blast of rock fragments hits dakvas's ghost.
Dakvas's ghost is lightly damaged.
Dakvas's ghost hits you!!
* * * LOW HITPOINT WARNING * * *
There is a stone staircase leading up here.
Dakvas's ghost hits you!
You die...

#........##
##.......... #..#.....#
. ### #.#...# .. ##
#.###.....#
...#P#####.##.#...#
.............†#.......
.................P....
.......@W...........P..
.......................
.......................
..#.##...##..........#
. # ........#..P#...
.................
.......#......#
##..#.### ..


You could see dakvas's ghost.

Vanquished Creatures
  Fannar (D:11)
  2 hydras
  3 two-headed ogres
  Sonja (D:11)
  Pikel (D:6)
  The ghost of Maimakterion the Basher, a novice MiFi of Okawaru (D:7)
  2 orc knights (Bailey)
  An oklob plant (D:11)
  2 ugly things
  The ghost of Aldia the Grave Robber, a novice DDNe (D:5)
  A centaur zombie (D:11)
  2 gargoyles
  Joseph (D:6)
  A black mamba (Lair:2)
  A spiny frog (Lair:2)
  A centaur skeleton (D:10)
  4 komodo dragons
  2 trolls
  3 hippogriffs
  Sigmund (D:6)
  13 yaks
  2 water moccasins
  4 porcupines (Lair:1)
  3 ice beasts
  9 orc warriors
  3 sky beasts
  A black bear (D:10)
  A phantom (D:9)
  10 ogres
  8 wolves (Lair:1)
  4 centaurs
  2 crocodiles
  A big kobold (D:11)
  9 bullfrogs
  A wyvern zombie (D:11)
  3 water moccasin zombies
  6 scorpions
  5 killer bees (D:8)
  8 wights
  An electric eel (Lair:1)
  A howler monkey (D:4)
  6 crimson imps
  A bullfrog zombie (D:9)
  A quasit (D:8)
  4 jellies
  Crazy Yiuf (D:2)
  4 hounds
  9 orc priests
  3 bullfrog skeletons
  14 orc wizards
  3 iguanas
  7 worker ants
  A killer bee zombie (D:7)
  6 big kobold zombies (Ossuary)
  A hound zombie (D:7)
  A hound skeleton (D:9)
  2 mummies (Ossuary)
  9 gnolls
  A howler monkey skeleton (D:8)
  14 adders
  5 shadow imps
  An ooze (D:1)
  5 adder zombies
  2 adder skeletons (D:4)
  3 dart slugs
  2 worms (D:4)
  5 leopard geckos
  81 orcs
  5 giant cockroaches
  13 goblins
  10 hobgoblins
  2 jackals (D:5)
  14 kobolds
  3 quokkas
  3 ball pythons
  6 bats
  6 frilled lizards
  2 gnoll zombies (Ossuary)
  5 hobgoblin zombies (Ossuary)
  A jackal skeleton (D:7)
  4 kobold zombies (Ossuary)
  5 orc zombies (Ossuary)
  A quokka skeleton (D:4)
  9 rats
  A plant (D:11)
409 creatures vanquished.

Vanquished Creatures (others)
  A yak (D:11)
  An ogre (D:6)
  An iguana (D:6)
  A worker ant (D:6)
  A worker ant zombie (D:6)
  An adder (D:6)
  An orc (D:6)
  A giant cockroach (D:6)
  A quokka skeleton (D:6)
  6 plants
15 creatures vanquished.

Grand Total: 424 creatures vanquished

Notes
Turn   | Place    | Note
-------+----------+-------------------------------------------
     0 | D:1      | JeffiDaFish the Gargoyle Earth Elementalist began the quest for the Orb.
     0 | D:1      | Reached XP level 1. HP: 10/10 MP: 3/3
   133 | D:1      | Reached XP level 2. HP: 13/15 MP: 0/5
   696 | D:1      | Reached XP level 3. HP: 8/19 MP: 4/6
  1129 | D:2      | Learned a level 3 spell: Stone Arrow
  1429 | D:2      | Reached skill level 5 in Earth Magic
  1429 | D:2      | Reached XP level 4. HP: 24/24 MP: 3/8
  1522 | D:2      | Found a faded altar of an unknown god.
  1620 | D:2      | Found a runed door.
  1624 | D:2      | Noticed Crazy Yiuf
  1629 | D:2      | Killed Crazy Yiuf
  1629 | D:2      | Reached XP level 5. HP: 17/28 MP: 0/10
  2005 | D:3      | Found a burning altar of Makhleb.
  2694 | D:4      | Reached XP level 6. HP: 32/32 MP: 7/12
  2701 | D:4      | Learned a level 5 spell: Lee's Rapid Deconstruction
  2880 | D:4      | Found a sand-covered staircase.
  2885 | Ossuary  | Entered an ossuary
  3197 | Ossuary  | Reached XP level 7. HP: 28/36 MP: 12/14
  3240 | Ossuary  | Reached skill level 5 in Spellcasting
  3399 | Ossuary  | Reached skill level 1 in Fighting
  4044 | D:4      | Reached XP level 8. HP: 44/44 MP: 12/16
  4307 | D:5      | Entered Level 5 of the Dungeon
  4573 | D:5      | Noticed Aldia's ghost (novice DDNe)
  4598 | D:5      | Killed Aldia's ghost
  4889 | D:5      | Found Ycitaf's Armour Shoppe.
  5022 | D:5      | Reached XP level 9. HP: 52/52 MP: 10/19
  5761 | D:6      | Noticed Pikel
  5776 | D:6      | Killed Pikel
  5994 | D:6      | Reached skill level 5 in Fighting
  6129 | D:6      | Found an ancient bone altar of Kikubaaqudgha.
  6130 | D:6      | Found a snail-covered altar of Cheibriados.
  6151 | D:6      | Noticed Sigmund
  6192 | D:6      | Killed Sigmund
  6492 | D:7      | Noticed Joseph
  6539 | D:6      | Killed Joseph
  6539 | D:6      | Reached XP level 10. HP: 41/60 MP: 9/22
  7101 | D:7      | Noticed Maimakterion's ghost (novice MiFi)
  7239 | D:7      | Killed Maimakterion's ghost
  7239 | D:7      | Reached skill level 5 in Dodging
  7258 | D:7      | Found a staircase to the Ecumenical Temple.
  7272 | Temple   | Entered the Ecumenical Temple
  7279 | Temple   | Became a worshipper of Vehumet
  7304 | D:7      | Found a basalt altar of Yredelemnul.
  7346 | D:7      | Learned a level 3 spell: Dazzling Spray
  7528 | D:7      | Reached skill level 10 in Earth Magic
  7550 | D:7      | Found a glowing golden altar of the Shining One.
  7551 | D:7      | Found an ornate altar of the Wu Jian Council.
  7553 | D:7      | Found a hazy altar of Hepliaklqana.
  7561 | D:7      | Found a basalt altar of Yredelemnul.
  7561 | D:7      | Found a sparkling altar of Nemelex Xobeh.
  7670 | D:8      | Found a shadowy altar of Dithmenos.
  7745 | D:8      | Reached skill level 1 in Conjurations
  7764 | D:8      | Found a shimmering altar of Xom.
  7764 | D:8      | Noticed a two-headed ogre
  7769 | D:8      | Killed a two-headed ogre
  7769 | D:8      | Reached skill level 1 in Hexes
  7825 | D:8      | Learned a level 3 spell: Mephitic Cloud
  7858 | D:8      | Noticed a two-headed ogre
  7867 | D:8      | Killed a two-headed ogre
  7906 | D:8      | Reached XP level 11. HP: 39/64 MP: 17/24
  7921 | D:8      | Reached * piety under Vehumet
  7921 | D:8      | Offered knowledge of Flame Tongue by Vehumet.
  8184 | D:8      | Found a blossoming altar of Fedhas.
  8242 | D:8      | Reached skill level 10 in Spellcasting
  8534 | D:9      | Offered knowledge of Sting by Vehumet.
  8801 | D:9      | Reached ** piety under Vehumet
  9221 | D:9      | Found a staircase to the Orcish Mines.
  9291 | D:10     | Entered Level 10 of the Dungeon
  9423 | D:10     | Reached skill level 1 in Maces & Flails
  9593 | D:10     | Found a flagged portal.
  9606 | Bailey   | Entered a bailey
  9718 | Bailey   | Noticed an orc knight
  9724 | Bailey   | Killed an orc knight
  9727 | Bailey   | Offered knowledge of Throw Frost by Vehumet.
  9748 | Bailey   | Noticed an orc knight
  9764 | Bailey   | Killed an orc knight
 10595 | D:10     | Reached *** piety under Vehumet
 10720 | D:10     | Noticed a white ugly thing
 10730 | D:10     | Killed a white ugly thing
 11205 | D:10     | Learned a level 4 spell: Olgreb's Toxic Radiance
 11212 | D:10     | Learned a level 4 spell: Olgreb's Toxic Radiance
 11353 | D:11     | Found a staircase to the Lair.
 11355 | D:11     | Noticed an oklob plant
 11360 | D:11     | Killed an oklob plant
 11369 | D:11     | Noticed a red ugly thing
 11375 | D:11     | Noticed Fannar
 11385 | D:11     | Reached skill level 5 in Conjurations
 11402 | D:11     | Noticed Sonja
 11561 | D:11     | Killed Sonja
 11561 | D:11     | Reached XP level 12. HP: 70/70 MP: 24/27
 11566 | D:11     | Killed Fannar
 11587 | D:11     | Offered knowledge of Iskenderun's Mystic Blast by Vehumet.
 11991 | D:11     | Noticed a two-headed ogre
 11994 | D:11     | Killed a two-headed ogre
 12447 | D:12     | Noticed dakvas's ghost (journeyman MiFi)
 12475 | Lair:1   | Entered Level 1 of the Lair of Beasts
 12475 | Lair:1   | Noticed an eight-headed hydra
 12481 | Lair:1   | Killed an eight-headed hydra
 12497 | Lair:1   | Noticed a six-headed hydra
 12503 | D:11     | Killed a six-headed hydra
 12597 | Lair:1   | Reached skill level 5 in Maces & Flails
 12601 | D:11     | Reached **** piety under Vehumet
 12740 | Lair:1   | Offered knowledge of Bolt of Magma by Vehumet.
 13019 | D:11     | Learned a level 5 spell: Bolt of Magma
 13859 | Lair:2   | Reached skill level 1 in Air Magic
 13899 | Lair:2   | Noticed dakvas's ghost (journeyman MiFi)
 13913 | Lair:2   | Slain by dakvas's ghost

Skill      XL: |  1  2  3  4  5  6  7  8  9 10 11 12 |
---------------+-------------------------------------+-----
Earth Magic    | 4 5 6 7 8 9 10 11 12 | 12.3
Spellcasting   | 3 4 5 7 8 9 11 12 | 12.2
Fighting       | 2 3 5 6 |  6.3
Dodging        | 2 3 4 5 6 |  6.0
Conjurations   | 2 5 7 |  7.0
Hexes          | 2 |  2.8
Maces & Flails | 3 5 |  5.5
Air Magic      | 1 |  1.0
Stealth        | |  2.2
Transmutations | |  0.7

Action                   |  1- 3 |  4- 6 |  7- 9 | 10-12 || total
-------------------------+-------+-------+-------+-------++-------
Melee: Unarmed           |    14 |       |       |       ||    14
       Dagger            |    70 |    12 |       |       ||    82
       Mace              |       |   135 |   175 |       ||   310
       Whip              |       |       |    27 |    26 ||    53
       Dire flail        |       |       |       |   443 ||   443
       Staff             |       |       |       |     8 ||     8
 Cast: Sandblast         |    30 |    37 |   111 |   119 ||   297
       Stone Arrow       |     1 |     5 |    34 |    84 ||   124
       Lee's Rapid Decon |       |     1 |     5 |    29 ||    35
       Mephitic Cloud    |       |       |       |    30 ||    30
       Olgreb's Toxic Ra |       |       |       |     1 ||     1
  Use: Scroll            |     4 |     5 |     3 |    13 ||    25
       Potion            |     3 |     2 |     7 |     4 ||    16
 Stab: Sleeping          |     3 |     1 |     6 |     5 ||    15
       Distracted        |       |     1 |       |       ||     1
       Confused          |       |       |       |     4 ||     4
  Eat: Chunk             |     2 |     6 |    10 |    27 ||    45
       Ration            |       |       |     1 |     1 ||     2
Armor: Robe              |    41 |   115 |   132 |   326 ||   614
Dodge: Dodged            |    70 |   130 |   209 |   577 ||   986
